Zazza, lawful female dwarven Valkyrie -.--- ----- ----------- |...| ....| ..........| |..(- |<..-# |.........| |...|## |....# # ##-.......>.| |....## ....|## ## --------.-- # * -.---### -.|.-# ### # -----------.-- ### ### ## # `# ##` |......[....(. # ### ## # ## ##-...)......)).######)--- ## #### ##* # # ` ##|............| ...| ---.-# ###### # # # # ##*#### ---------.---- |..| |...|# `##..-.-.# *# # # # # ---- |...|# #.....|* ################# |....# #|...(|## ##### * # * |...| #|%.D..# -.------- ### |...| #.%c..| |...)}..| # ----- ----.- |.}.{.}..## # |..}.}..| --------- Zazza the Swashbuckler Experience level: 18 Strength: 18/** Dexterity: 14 Constitution: 20 Intelligence: 8 Wisdom: 16 Charisma: 11 Health: 104(105) Energy: 36(36) Def: 15 Gold: 3353 Moves: 41965 Dungeon seed: 7WVt5trVlB1TNaIg Game ID: Zazza_1529129166 Your Inventory: Coins $ - 3353 gold pieces Amulets L - an uncursed amulet of magical breathing W - an uncursed amulet of reflection (being worn) Weapons a - the blessed rustproof +4 Excalibur b - the rustproof +2 Mjollnir c - the rustproof +0 Frost Brand k - 5 blessed +1 shuriken (in quiver) Armor e - an uncursed +3 small shield h - an uncursed thoroughly burnt +0 pair of speed boots n - an uncursed +0 mummy wrapping r - an uncursed +0 alchemy smock I - an uncursed thoroughly rusty +1 helm of brilliance J - an uncursed +0 Hawaiian shirt P - an uncursed thoroughly rusty +0 pair of gauntlets of power Comestibles x - an uncursed lizard corpse Scrolls v - a cursed scroll of blank paper w - an uncursed scroll of scare monster Rings s - an uncursed ring of shock resistance (on right foreclaw) E - an uncursed ring of polymorph F - an uncursed ring of hunger G - an uncursed ring of slow digestion M - an uncursed +1 ring of adornment X - an uncursed ring of free action (on left foreclaw) Tools d - a +0 pick-axe i - the blessed Orb of Fate (0:5) j - the Bell of Opening (0:0) l - an uncursed stethoscope q - an uncursed towel t - a blessed +0 unicorn horn A - an uncursed skeleton key K - an uncursed oil lamp (0:374) Z - a blessed bag of holding Gems z - 2 uncursed worthless pieces of blue glass Contents of the bag of holding: 8830 gold pieces a +0 silver dagger a +0 worm tooth a +0 worm tooth an uncursed +2 elven mithril-coat an uncursed +0 elven mithril-coat an uncursed +0 pair of jumping boots 3 uncursed bananas 8 uncursed food rations 3 uncursed lizard corpses 3 uncursed tins of tengu meat an uncursed tripe ration 3 cursed scrolls of blank paper an uncursed scroll of create monster an uncursed scroll of teleportation a cursed scroll of teleportation an uncursed potion of extra healing 2 blessed potions of full healing an uncursed potion of healing an uncursed potion of invisibility an uncursed potion of object detection an uncursed potion of speed an uncursed thoroughly rusty ring of teleportation an uncursed blindfold an uncursed tin opener a +0 unicorn horn an uncursed luckstone named luck Spells and supernatural/magical abilities: Name Level Category Fail Memory u - confuse monster 2 enchantment 38% 78% w - wizard lock 2* matter 38% 0% x - extra healing 3 healing 80% 78% B - cure blindness 2* healing 22% 0% E - detect food 2 divination 38% 78% H - haste self 3* escape 87% 0% L - levitation 4 escape 100% 78% M - magic mapping 5* divination 100% 0% O - create monster 2 clerical 38% 74% U - detect unseen 3 divination 87% 78% W - pray for help -- divine ? -- Z - breathe sleep gas -- ability ? -- Your skills at the end: Fighting Skills two weapon combat [Skilled] Weapon Skills dagger [Basic] long sword [Expert] hammer [Basic] Spellcasting Skills Final Attributes: You were piously aligned. You were fire resistant. You were cold resistant. You were sleep resistant. You were shock resistant. You were poison resistant. You saw invisible. You were telepathic. You were warned. You were invisible to others. You were stealthy. You could fly. You were protected. You were polymorphed into an orange dragon. You were fast. You had reflection. You had free action. You were extremely lucky. You had extra luck. Good luck did not time out for you. You are dead. Vanquished creatures: Lord Surtur a trapper The Oracle a frost giant an ettin a winged gargoyle a mind flayer 4 giant mimics a zruty 36 fire giants an ogre king 3 rock trolls a flesh golem an Elvenking a large mimic a wumpus a baby long worm 4 long worms 5 stalkers 3 hill giants a giant mummy a xorn a giant zombie 4 sergeants 2 wargs 9 small mimics 2 warhorses 2 ettin mummies 2 ogre lords 3 quantum mechanics a troll a wood golem a djinni 2 gelatinous cubes a pyrolisk 2 large dogs 2 freezing spheres 3 flaming spheres 3 shocking spheres a large cat 4 tigers a gargoyle 8 tengu a leocrotta 2 energy vortices 2 elf mummies a human mummy a red naga a pit viper a python 2 cobras 3 wraiths 2 carnivorous apes 2 leather golems an incubus 5 chameleons a crocodile 4 giant beetles 6 quivering blobs 6 cockatrices 7 wolves 8 winter wolf cubs a lynx 2 panthers 2 gremlins 17 leprechauns 3 iron piercers 4 mumakil 4 giant spiders 2 scorpions 2 horses 5 ice vortices 3 black lights 7 vampire bats 3 forest centaurs 2 gnome kings 4 orc mummies 2 dwarf mummies 3 ogres 2 brown puddings 3 rust monsters an owlbear 3 yetis 3 gold golems 2 werewolves 5 Green-elves 7 lizards 2 warriors 2 chickatrices a dog 3 dingos 5 housecats 5 jaguars a dwarf lord a blue jelly 2 gray unicorns a black unicorn 5 dust vortices 4 ravens a plains centaur 2 gnome mummies 3 snakes 2 water moccasins 12 human zombies 6 Woodland-elves 14 soldier ants 103 fire ants 3 bugbears 3 imps 2 quasits 6 wood nymphs 9 water nymphs 5 mountain nymphs 9 Uruk-hai 2 orc shamans 6 rock piercers 7 rock moles 6 ponies 2 fog clouds 10 yellow lights 7 shriekers 3 violet fungi 5 kobold mummies 2 red naga hatchlings a golden naga hatchling 2 guardian naga hatchlings 5 gray oozes a barrow wight 2 elf zombies 3 ghouls 4 straw golems a paper golem 21 giant ants 2 little dogs 19 floating eyes 5 kittens 6 homunculi 4 kobold lords 3 kobold shamans 17 hill orcs 16 rothes 2 rabid rats 3 centipedes 6 giant bats a monkey 10 orc zombies 5 dwarf zombies 2 wererats 7 werejackals 15 iguanas 27 killer bees 6 acid blobs 5 coyotes 4 gas spores 5 hobbits 13 manes 3 large kobolds 10 hobgoblins 15 giant rats 19 cave spiders 5 brown molds 11 yellow molds 5 green molds 2 red molds 21 gnomes 25 garter snakes 5 gnome zombies 18 geckos 19 jackals 3 foxes 6 kobolds 9 goblins 11 sewer rats 21 grid bugs 13 bats 10 lichens 9 kobold zombies 19 newts 1018 creatures vanquished. Voluntary challenges: You used a wielded weapon 1286 times, starting on turn 1. You read items or engraved 143 times, starting on turn 5196. You never genocided any monsters. You never polymorphed an object. You changed form 1 time, starting on turn 41456. You used no wishes. You split 1 pudding, starting on turn 7219. You wrote Elbereth's name 16 times, starting on turn 5544. You violated your moral code, losing 196 points of alignment, starting on turn 18259. Dungeon overview: The Dungeons of Doom: levels 1 to 16 Level 1 an altar to Tyr a long staircase Level 2 ( ) an armor shop, an altar to Tyr Level 3 an armor shop, a sink Level 4 (gold) a hardware shop stairs to The Gnomish Mines Level 5 Level 6 a sink Level 7 Level 8 stairs to Sokoban Level 9 Level 10 a general store Level 11 Level 12 (oval poly) Level 13 (home) an altar to Tyr Level 14 portal to The Quest Level 15 Level 16 <- You were here a fountain The Gnomish Mines: levels 5 to 12 Level 5 stairs to The Dungeons of Doom Level 6 Level 7 Level 8 many shops, a temple to Odin, some fountains Level 9 Level 10 Level 11 Level 12 The Quest: levels 1 to 6 Level 1 a fountain portal to The Dungeons of Doom Level 2 Level 3 Level 4 Level 5 Level 6 Sokoban: levels 4 to 7 Level 4 Level 5 Level 6 Level 7 stairs to The Dungeons of Doom History has recorded: On T:1 you entered the Dungeons of Doom to retrieve the Amulet of Yendor! On T:457 you advanced to experience level 2. On T:694 you reached level 2 of The Dungeons of Doom. On T:1007 you advanced to experience level 3. On T:1648 you advanced to experience level 4. On T:2824 you reached level 3 of The Dungeons of Doom. On T:3073 you reached level 4 of The Dungeons of Doom. On T:3076 you advanced to experience level 5. On T:4116 you reached level 5 of The Dungeons of Doom. On T:4215 you reached level 1 of The Gnomish Mines. On T:4325 you reached level 2 of The Gnomish Mines. On T:4696 you reached level 3 of The Gnomish Mines. On T:4809 you advanced to experience level 6. On T:4833 you reached level 4 of The Gnomish Mines. On T:5035 you reached level 5 of The Gnomish Mines. On T:5638 you advanced to experience level 7. On T:7053 you reached level 6 of The Gnomish Mines. On T:7220 you advanced to experience level 8. On T:10374 you reached level 7 of The Gnomish Mines. On T:10562 you reached level 8 of The Gnomish Mines. On T:10740 you advanced to experience level 9. On T:14475 you reached level 6 of The Dungeons of Doom. On T:15377 you reached level 7 of The Dungeons of Doom. On T:15844 you reached level 4 of Sokoban. On T:16202 you reached level 3 of Sokoban. On T:17238 you advanced to experience level 10. On T:17239 you advanced to experience level 11. On T:17940 you reached level 9 of The Dungeons of Doom. On T:18297 you reached level 10 of The Dungeons of Doom. On T:18791 you reached level 11 of The Dungeons of Doom. On T:23053 you reached level 12 of The Dungeons of Doom. On T:25383 you reached level 13 of The Dungeons of Doom. On T:25839 you reached level 14 of The Dungeons of Doom. On T:29852 you reached level 2 of Sokoban. On T:30259 you reached level 1 of Sokoban. On T:32907 you reached level 1 of The Quest. On T:32955 you advanced to experience level 12. On T:34665 you advanced to experience level 13. On T:34666 you advanced to experience level 14. On T:34667 you advanced to experience level 15. On T:34667 you advanced to experience level 16. On T:35195 you embarked upon an epic quest. On T:35329 you reached level 2 of The Quest. On T:35453 you reached level 3 of The Quest. On T:35629 you reached level 4 of The Quest. On T:35780 you reached level 5 of The Quest. On T:35909 you reached level 6 of The Quest. On T:36487 you received Mjollnir from Tyr. On T:37483 you advanced to experience level 17. On T:37484 you advanced to experience level 18. On T:39527 you received Frost Brand from Tyr. On T:40086 you killed Lord Surtur on level 6 of The Quest. On T:40786 you completed the quest! On T:40864 you reached level 15 of The Dungeons of Doom. On T:41200 you reached level 16 of The Dungeons of Doom. Score breakdown: Gold: 12183 (13898 points) Experience: 18 levels (22969 points) Exploration: 19 levels ( 36.54%) (17822 points) Discoveries: 66 items ( 26.83%) (15539 points) Valuables value: (no points given unless you survive) Artifact value: 19500 (14593 points) Variety of kills: 178 monsters ( 46.72%) (20505 points) Turncount: 41965 turns (-4497 points) Survival: died (score multiplied by 80%) Total score: 80663 Latest messages: You feel hungry. That food really hit the spot! You finish eating the food ration. You lay an egg. (2x) You see here an orange dragon egg (laid by you). (3x) It eats an orange dragon egg (laid by you). (2x) You see here an orange dragon egg (laid by you). The baby orange dragon eats an orange dragon egg (laid by you). You see here an orange dragon egg (laid by you). It eats an orange dragon egg (laid by you). You see here an orange dragon egg (laid by you). The baby orange dragon eats an orange dragon egg (laid by you). You displace your baby orange dragon. The baby orange dragon eats an orange dragon egg (laid by you). You see here a large box. The baby orange dragon eats an orange dragon egg (laid by you). It eats an orange dragon egg (laid by you). (2x) You displace your baby orange dragon. You see here 9 rocks. The cockatrice bites! The cockatrice misses. You bite the cockatrice. You turn to stone... Final status: Farvel Zazza the Valkyrie, petrified by attacking a cockatrice directly... You turned to stone in The Dungeons of Doom on dungeon level 16 with 80663 points, and 12183 pieces of gold, after 41965 moves. You were level 18 with a maximum of 168 hit points when you turned to stone.